 Dungeon Crawl Stone Soup version 0.27-a0-1144-g0b7d3b79db (webtiles) character file.

Game seed: 9878804308393626977

671 freelancePsychic the Sneak (level 7, 0/40 (44) HPs)
             Began as a Kobold Delver on May 10, 2021.
             Was a Believer of Zin.
             Slain by a wight
             ... wielding a +4 hand axe
              (8 damage)
             ... on level 5 of the Dungeon.
             The game lasted 00:12:25 (5822 turns).

freelancePsychic the Sneak (Kobold Delver)          Turns: 5822, Time: 00:12:26

HP:   0/40 (44)     AC:  5    Str: 14    XL:     7   Next: 89%
MP:   11/11         EV: 14    Int: 11    God:    Zin [**....]
Gold: 172           SH:  0    Dex: 17    Spells: 6/6 levels left

rFire    . . .     SeeInvis .   k - +1 dagger (speed)
rCold    . . .     Faith    .   (shield restricted)
rNeg     . . .     Spirit   .   b - +0 leather armour
rPois    .         Reflect  .   (no helmet)
rElec    .         Harm     .   (no cloak)
rCorr    .         Rampage  .   h - +1 pair of gloves {Str+3}
Will     .....                  (no boots)
Stlth    ++++......             (no amulet)
HPRegen  0.13/turn              (no ring)
MPRegen  0.12/turn              (no ring)

@: on recite cooldown, drained
A: small, no large weapons, nightstalker 3
a: Renounce Religion, Recite, Vitalisation, Donate Gold


You were on level 5 of the Dungeon.
You worshipped Zin.
Zin was pleased with you.
You visited 1 branch of the dungeon, and saw 6 of its levels.

You collected 207 gold pieces.
You donated 35 gold pieces to Zin.

Inventory:

Hand Weapons
 a - a +0 short sword
 k - a +1 dagger of speed (weapon)
 w - the +9 staff of Olgreb {rPois∞}
   (You found it on level 5 of the Dungeon)

   It may poison the flesh of those it strikes, and is more effective with a
   high Evocations skill.
   It enhances your poison magic.
   It grants immunity to poison.
   It can be evoked to poison those around you for a time.
Missiles
 s - 38 bolts
Armour
 b - a +0 leather armour (worn)
 h - a +1 pair of gloves of strength (worn)
 m - a +0 chain mail
Jewellery
 n - a ring of protection from fire
 o - a ring of ice
 p - a ring of ice
Wands
 g - a wand of digging (3)
 x - a wand of acid (10)
Scrolls
 c - 2 scrolls of fog
 j - 3 scrolls of identify {unknown}
 q - a scroll of enchant weapon {unknown}
 r - a scroll of magic mapping
 t - a scroll of noise {unknown}
 v - a scroll of teleportation {unknown}
Potions
 d - a potion of resistance
 i - a potion of might {unknown}
 l - a potion of curing {unknown}
 u - a potion of heal wounds {unknown}


   Skills:
 + Level 5.3 Fighting
 - Level 6.0 Short Blades
 - Level 2.4 Dodging
 - Level 6.6 Stealth
 + Level 5.3 Invocations
 * Level 2.8 Evocations


You had 6 spell levels left.
You didn't know any spells.
Your spell library contained the following spells:

 Spells                   Type           Power      Damage    Failure   Level
 Magic Dart               Conj           0%         1d3       41%         1
 Searing Ray              Conj           0%         3d3       56%         2
 Dazzling Flash           Conj/Hex       0%         N/A       80%         3
 Fulminant Prism          Conj/Hex       0%         3d6       99%         4
 Iskenderun's Mystic Bla  Conj/Tloc      0%         2d3       99%         4


Dungeon Overview and Level Annotations

Branches:
Dungeon (6/15)
 Temple: D:4-7

Altars:
Cheibriados
Dithmenos
Hepliaklqana
Sif Muna
Vehumet
Zin


Innate Abilities, Weirdness & Mutations

You are small and have problems with some larger weapons.
You are completely attuned to the shadows.


Message History

You start resting.
Your resistance to elements expires.
You start resting.
HP restored.
There is a glowing silver altar of Zin here.
There is a stone staircase leading down here.
You climb downwards.
A bullfrog zombie comes into view.
There is a stone staircase leading up here.
The helpless bullfrog zombie fails to defend itself.
You skewer the bullfrog zombie like a kebab!!!
You destroy the bullfrog zombie!
Zin accepts your kill.
There is a stone staircase leading up here.
You pay a tithe of 1 gold.
You now have 172 gold pieces (gained 15).
A wight comes into view.
It is wielding a +3 war axe of freezing.
A wight comes into view. It is wielding a +4 hand axe.
Found a leather armour.
A wight comes into view. It is wielding a +0 halberd.
The wight hits you with a +4 hand axe!
You feel drained.
The wight hits you from afar with a +0 halberd.
There is a stone staircase leading up here.
You clear your throat and prepare to recite. "Zin looked out upon the remains of the amorphous wretches..."
The wight is blasted by the fury of Zin!
The wight is severely damaged.
The wight hits you with a +4 hand axe!
You feel drained.
The wight barely misses you. "...and declared it good that they had been..."
The wight hits you with a +4 hand axe!
* * * LOW HITPOINT WARNING * * *
The wight misses you.
You climb upwards. "...smitten.
And thus justice was done."
You finish reciting Apostates 16:21.
There is a stone staircase leading down here.
The wight misses you. The wight hits you with a +4 hand axe!
You die...

# # # # # # ###############
############# #...........z.#
#............ #.###...#####@#
#.########### #.# #...# #.#
#.########### ####.###...###
#.####.##......... ............>#
#.................
##.#.###...#.###..###.##.########
#.#.# #.........(# #............
#.#.# #.<.#.###..# #.##.########
#.#.# #...#.# #..# #.##.########
#.#.# #...#.# #..# #............


You could see a wight.

Vanquished Creatures
  A yak (D:5)
  A necrophage (D:6)
  A jelly (D:2)
  2 bullfrog zombies
  A hound (D:5)
  An orc priest (D:3)
  2 centaur skeletons
  3 orc wizards
  Robin (D:3)
  5 adders
  A shadow imp (D:5)
  A white imp (D:5)
  An ufetubus (D:6)
  3 adder skeletons
  A worm (D:5)
  A dart slug (D:2)
  10 orcs
  2 ball pythons
  4 endoplasms
  13 goblins
  7 hobgoblins
  8 jackals
  2 quokkas (D:1)
  A bat (D:3)
  A frilled lizard (D:2)
  7 kobolds
  4 rats
85 creatures vanquished.

Notes
Turn   | Place    | Note
-------+----------+-------------------------------------------
     0 | D:5      | freelancePsychic the Kobold Delver began the quest for the
                  | Orb.
     0 | D:5      | Reached XP level 1. HP: 14/14 MP: 1/1
     2 | D:5      | Found a glowing silver altar of Zin.
     7 | D:5      | Became a worshipper of Zin the Law-Giver
    73 | D:5      | Reached skill level 1 in Invocations
    73 | D:5      | Reached XP level 2. HP: 18/19 MP: 2/2
   390 | D:4      | Reached XP level 3. HP: 2/23 MP: 4/4
   423 | D:4      | Noticed an ogre
   695 | D:4      | Donated 10 gold pieces to Zin
   696 | D:4      | Donated 5 gold pieces to Zin
   714 | D:4      | Reached XP level 4. HP: 26/28 MP: 5/5
   756 | D:4      | Noticed an orc warrior
   782 | D:3      | Noticed Robin
   792 | D:2      | Found a faded altar of an unknown god.
  1361 | D:1      | Reached * piety under Zin
  1876 | D:2      | Reached XP level 5. HP: 32/32 MP: 7/7
  1905 | D:2      | Reached skill level 5 in Short Blades
  2209 | D:2      | Found a snail-covered altar of Cheibriados.
  2268 | D:3      | Found a hazy altar of Hepliaklqana.
  2616 | D:3      | Killed Robin
  3340 | D:3      | Reached XP level 6. HP: 35/37 MP: 8/8
  3382 | D:3      | Reached ** piety under Zin
  4442 | D:5      | Noticed a yak
  4444 | D:5      | Killed a yak
  4445 | D:5      | Reached XP level 7. HP: 44/44 MP: 10/10
  4448 | D:5      | Reached skill level 5 in Invocations
  4506 | D:5      | Found the +9 staff of Olgreb {rPois∞}
  4620 | D:5      | Reached skill level 5 in Fighting
  4638 | D:5      | Reached skill level 1 in Evocations
  5234 | D:6      | Found a radiant altar of Vehumet.
  5420 | D:6      | HP: 2/44 [howler monkey (2)]
  5433 | D:6      | Noticed a water moccasin
  5438 | D:6      | Found a shimmering blue altar of Sif Muna.
  5439 | D:6      | Found a shadowy altar of Dithmenos.
  5822 | D:5      | Slain by a wight

Illustrated notes

Levels and vault maps discovered:
D:1:      dpeg_arrival_erosion, layout_loops_ring
D:2:      layout_rooms, basic_altar, ebering_ecumenical_altar_sacrificial
D:3:      layout_basic, nicolae_overflow_crystal_walls, uniq_crazy_yiuf_cottage,
          uniq_robin
D:4:      layout_basic, overflow_temple_1_default, kennysheep_generic_room_9
D:5:      layout_basic, overflow_temple_1_default, minmay_chambers_of_fives
D:6:      layout_cave_pods, grunt_temple_overflow_open, temple_fountains,
          minmay_alternating_orb

Skill      XL: |  1  2  3  4  5  6  7 |
---------------+----------------------+-----
Short Blades   | 3 4 5 6 |  6.0
Invocations    | 1 2 3 4 5 |  5.3
Fighting       | 4 5 |  5.3
Evocations     | 2 |  2.8
Dodging        | |  2.4
Stealth        | |  6.6

Action                   |  1- 3 |  4- 6 |  7- 9 || total
-------------------------+-------+-------+-------++-------
Melee: Short sword       |    38 |     8 |       ||    46
       Dagger            |       |   208 |   133 ||   341
Invok: Donate Gold       |     2 |       |       ||     2
       Recite            |       |     8 |     6 ||    14
       Vitalisation      |       |       |     1 ||     1
  Use: Scroll            |     1 |       |     1 ||     2
       Potion            |       |       |     2 ||     2
 Stab: Sleeping          |     3 |    27 |     3 ||    33
       Confused          |       |     1 |     1 ||     2
       Distracted        |       |     1 |       ||     1
       Invisible         |       |       |     2 ||     2
Armor: Leather armour    |     5 |    28 |    20 ||    53
Dodge: Dodged            |    30 |    72 |    56 ||   158

Table legend: (Time is in decaauts)
 A = Elapsed time spent in this place.
 B = Non-inter-level travel time spent in this place.
 C = Inter-level travel time spent in this place.
 D = Time resting spent in this place.
 E = Time spent auto-exploring this place.
 F = Levels seen in this place.
 G = Mean time per level.
                   A        B        C        D        E       F      G
               +--------+--------+--------+--------+--------+-----+--------+
         Total |   5629 |   5454 |    175 |   1194 |   3441 |   6 |  938.2 |
       Dungeon |   5629 |   5454 |    175 |   1194 |   3441 |   6 |  938.2 |
               +--------+--------+--------+--------+--------+-----+--------+

Top non-repeatable levels by time:
     D:5: 1946 daAuts
     D:3: 964 daAuts
     D:4: 911 daAuts
     D:2: 843 daAuts
     D:1: 758 daAuts
     D:6: 205 daAuts
